 Dungeon Crawl Stone Soup version 0.18.1-51-gd549091e01 (webtiles) character file.

414 magog001 the Covert (level 6, -1/42 HPs)
             Began as an Octopode Assassin on Apr 16, 2020.
             Was a Follower of Nemelex Xobeh.
             Slain by an ogre
             ... wielding a cursed -1 giant spiked club
              (15 damage)
             ... on level 4 of the Dungeon.
             The game lasted 00:22:56 (4840 turns).

magog001 the Covert (Octopode Assassin)             Turns: 4840, Time: 00:22:58

Health: -1/42      AC:  6    Str: 13    XL:     6   Next: 91%
Magic:  6/6        EV: 12    Int: 13    God:    Nemelex Xobeh [*.....]
Gold:   181        SH:  0    Dex: 13    Spells: 0 memorised, 5 levels left

rFire  . . .     SeeInvis .     l - +2 short sword (protect)
rCold  . . .     Gourm    +     (no shield)
rNeg   . . .     Faith    .     p - +0 hat
rPois  .         Spirit   .     q - amulet of the gourmand
rElec  .         Dismiss  .     (no ring)
rCorr  .         Reflect  .     (no ring)
SustAt .         Harm     .     (no ring)
MR     .....                    (no ring)
Stlth  +++++.....               (no ring)
                                (no ring)
                                (no ring)
                                (no ring)

@: not resistant to hostile enchantments, quite stealthy
A: almost no armour, amphibious, 8 rings, constrict 8, camouflage 1, gelatinous
body 1
a: Renounce Religion


You were on level 4 of the Dungeon.
You worshipped Nemelex Xobeh.
Nemelex Xobeh was aware of your devotion.
You were very full.

You visited 1 branch of the dungeon, and saw 4 of its levels.

You collected 181 gold pieces.

Inventory:

Hand Weapons
 a - a +3 dagger
 b - a +0 blowgun
 l - a +2 short sword of protection (weapon)
Missiles
 c - 3 poisoned needles
 k - 12 sling bullets
Armour
 p - a +0 hat (worn)
Jewellery
 q - an amulet of the gourmand (around mantle)
 t - an uncursed amulet of magic regeneration
Wands
 m - a wand of flame (22/48)
Scrolls
 d - a scroll of identify
 j - 3 scrolls of remove curse
 y - a scroll of amnesia
 A - a scroll of recharging
Potions
 e - 2 potions of heal wounds {unknown}
 h - a potion of mutation {unknown}
 i - 2 potions of berserk rage
 n - a potion of cancellation {unknown}
 o - 4 potions of brilliance {unknown}
 s - a potion of cure mutation {unknown}
 u - 3 potions of agility {unknown}
 z - a potion of curing {unknown}
 B - 2 potions of might {unknown}
Miscellaneous
 g - a plain deck of escape
Comestibles
 f - 3 meat rations
 r - 2 bread rations
 x - a royal jelly


   Skills:
 * Level 3.6 Fighting
 + Level 2.6 Short Blades
 + Level 3.1 Throwing
 + Level 2.2 Dodging
 + Level 8.7 Stealth


You had 5 spell levels left.
You didn't know any spells.

Dungeon Overview and Level Annotations

Branches:
Dungeon (4/15)
 Temple: D:4-7

Altars:
Nemelex Xobeh
Sif Muna
Trog

Annotations:
D:4 Edmund


Innate Abilities, Weirdness & Mutations

You cannot wear most types of armour.
You are amphibious.
You can wear up to eight rings at the same time.
You can use your tentacles to constrict eight enemies at once.
Your skin changes colour to match your surroundings (Stealth).
Your rubbery body absorbs attacks (AC +1).


Message History

You kill the worker ant!
You feel sick.
You feel sick.
You feel sick.
You start resting.
You feel sick. x3
An ogre comes into view. It is wielding a giant spiked club.
The ogre closely misses you.
You hit the ogre.
The ogre is lightly wounded.
You barely miss the ogre.
The ogre is lightly wounded.
The ogre hits you with a giant spiked club!
You hit the ogre. You squeeze the ogre, but do no damage.
The ogre is moderately wounded.
You feel sick.
You are no longer poisoned.
The ogre hits you with a giant spiked club!
You die...
Your body glows slightly and disappears.

...##..##.#...##.####.#.#
.#........#..............
.#.#..#...#.............#
..(#.###................
...(## #............##..#
...## #................#
....## ##.#...###.####.##
...#.###.##...###.#
####.)#........O@.#
###.............#
....[...#..........
####.##.#######......
#.##.# ###### #.##.#
#.##.# ###.##.# #..[...#


You could see an ogre.

Vanquished Creatures
  Blork the orc (D:3)
  Crazy Yiuf (D:2)
  An orc priest (D:4)
  Ijyb (D:2)
  Natasha (twice) (D:3)
  2 worker ants (D:4)
  A gnoll (D:1)
  6 adders
  3 oozes
  An adder skeleton (D:4)
  2 worms
  4 dart slugs
  4 giant geckos
  An orc (D:3)
  A ball python (D:3)
  6 bats
  2 giant cockroaches (D:2)
  3 goblins
  13 hobgoblins
  2 quokkas
  A giant gecko skeleton (D:4)
  5 giant newts (D:3)
  7 kobolds
  8 rats
78 creatures vanquished.

Vanquished Creatures (others)
  A plant (D:3)
1 creature vanquished.

Grand Total: 79 creatures vanquished

Notes
Turn   | Place    | Note
--------------------------------------------------------------
     0 | D:1      | magog001 the Octopode Assassin began the quest for the Orb.
     0 | D:1      | Reached XP level 1. HP: 14/14 MP: 1/1
   261 | D:1      | Reached skill level 6 in Stealth
   261 | D:1      | Reached XP level 2. HP: 7/19 MP: 2/2
   555 | D:1      | Reached XP level 3. HP: 25/25 MP: 3/3
  1821 | D:2      | Reached XP level 4. HP: 30/30 MP: 4/4
  1887 | D:2      | Noticed Crazy Yiuf
  1913 | D:2      | Killed Crazy Yiuf
  2242 | D:2      | Noticed Ijyb
  2256 | D:2      | Killed Ijyb
  2256 | D:2      | Reached skill level 7 in Stealth
  2256 | D:2      | Reached XP level 5. HP: 36/36 MP: 5/5
  2930 | D:3      | Found a sparkling altar of Nemelex Xobeh.
  2942 | D:3      | Became a worshipper of Nemelex Xobeh the Trickster
  3009 | D:3      | Received a gift from Nemelex Xobeh
  3017 | D:3      | Noticed Blork the orc
  3231 | D:3      | Killed Blork the orc
  3243 | D:3      | Found a deep blue altar of Sif Muna.
  3299 | D:3      | Reached XP level 6. HP: 42/42 MP: 6/6
  3384 | D:3      | Found a bloodstained altar of Trog.
  3640 | D:3      | Noticed Natasha
  3646 | D:3      | Killed Natasha
  3646 | D:3      | Reached skill level 8 in Stealth
  4172 | D:3      | Noticed Natasha
  4178 | D:3      | Killed Natasha
  4538 | D:4      | Reached * piety under Nemelex Xobeh
  4661 | D:4      | Noticed Edmund
  4840 | D:4      | Slain by an ogre

Skill      XL: |  1  2  3  4  5  6 |
---------------+-------------------+-----
Stealth        | 6 7 8 |  8.7
Fighting       | 3 |  3.6
Dodging        | 2 |  2.2
Throwing       | 3 |  3.1
Short Blades   | |  2.6

Action                   |  1- 3 |  4- 6 || total
-------------------------+-------+-------++-------
Melee: Dagger            |    42 |    29 ||    71
       Constrict         |    10 |    22 ||    32
       Tentacles         |     6 |    15 ||    21
       Short sword       |       |    65 ||    65
 Fire: Blowgun           |       |    25 ||    25
  Use: Scroll            |     4 |     5 ||     9
 Stab: Sleeping          |     7 |    22 ||    29
       Distracted        |       |     3 ||     3
  Eat: Chunk             |     2 |    19 ||    21
       Bread ration      |     1 |       ||     1
Armor: Skin              |     9 |    12 ||    21
Dodge: Dodged            |    30 |    30 ||    60
